[Event "Balkan Youth Online-ch 2020"]
[Site "Online"]
[Date "2020.10.31"]
[Round "4.78"]
[White "Mitkova, Victoria-Elizabeth"]
[Black "Chicarosie, Ioana-Bianca"]
[Result "1-0"]
[ECO "C06"]
[WhiteElo "1105"]
[BlackElo "1521"]
[Annotator "NA RC"]
[PlyCount "55"]
[EventDate "2020.10.31"]
[EventType "swiss"]
[SourceTitle "playchess.com"]
[Source "ChessBase"]
[SourceQuality "1"]
[TimeControl "1500+5"]

1. e4 e6 2. d4 d5 3. Nd2 Nf6 4. e5 Nfd7 5. Bd3 c5 6. c3 b6 7. Ne2 Ba6 8. Bxa6 Nxa6 9. O-O Be7 10. f4 g6 11. Nf3 Qc7 12. c4 Qb7 13. cxd5 Qxd5 14. Nc3 Qb7 15. d5 exd5 16. Nxd5 Bd8 17. f5 O-O 18. Ne3 Qc6 19. Qd2 Bc7 20. Nd5 Rae8 21. Qh6 f6 22. fxg6 hxg6 23. Qxg6+ Kh8 24. Qh5+ Kg8 25. Bh6 Rf7 26. Qg6+ Kh8 27. Qxf7 Rg8 28. Ne7 1-0

[Event "Balkan Youth Online-ch 2020"]
[Site "Online"]
[Date "2020.10.31"]
[Round "4.79"]
[White "Lusheska, Elena"]
[Black "Zrmanovska, Mihaela"]
[Result "0-1"]
[ECO "D00"]
[WhiteElo "1086"]
[BlackElo "1300"]
[Annotator "NA RC"]
[PlyCount "166"]
[EventDate "2020.10.31"]
[EventType "swiss"]
[SourceTitle "playchess.com"]
[Source "ChessBase"]
[SourceQuality "1"]
[TimeControl "1500+5"]

1. d4 d5 2. Nc3 Nf6 3. Bf4 e6 4. Nb5 Na6 5. a4 c6 6. Na3 Be7 7. e3 b6 8. c3 O-O 9. Bd3 c5 10. Nf3 Bb7 11. O-O Nc7 12. b3 Ne4 13. Qc2 f5 14. Nd2 Ne8 15. f3 Nxd2 16. Qxd2 Nd6 17. Qc2 Rc8 18. Qe2 Qd7 19. Bxd6 Qxd6 20. Nb5 Qb8 21. c4 Bf6 22. Qf2 a6 23. Na3 Qd6 24. Nc2 Rfd8 25. Rfd1 Qe7 26. Rab1 e5 27. dxc5 Qxc5 28. Bxf5 Rc7 29. Be6+ Kh8 30. Bxd5 Bxd5 31. cxd5 Qxc2 32. Qxc2 Rxc2 33. Rd3 Rc5 34. Rbd1 Be7 35. e4 b5 36. h3 bxa4 37. bxa4 Rc4 38. Ra1 a5 39. Kh2 Bb4 40. Rb1 Rd6 41. Rbb3 Rc2 42. Rd1 Ra2 43. Rc1 h6 44. Rc6 Rxc6 45. dxc6 Rc2 46. Rb1 Rxc6 47. Rb2 Rc3 48. Ra2 Ra3 49. Rxa3 Bxa3 50. Kg3 Kg8 51. Kg4 g6 52. h4 Kf7 53. f4 Kf6 54. g3 Bd6 55. Kf3 h5 56. Ke3 Bc5+ 57. Kf3 Bd6 58. Ke3 exf4+ 59. gxf4 Be7 60. Kf3 Ke6 61. Kg3 Kd6 62. Kf3 Bxh4 63. Ke3 Bg3 64. Kf3 h4 65. Kg4 Ke6 66. Kf3 Kf6 67. Kg4 Kf7 68. Kf3 Ke6 69. Kg4 Kf6 70. e5+ Ke6 71. Kf3 Kf5 72. Kg2 Bxf4 73. Kh3 g5 74. Kg2 Bxe5 75. Kh3 Bd6 76. Kg2 g4 77. Kh1 h3 78. Kg1 g3 79. Kh1 g2+ 80. Kg1 Bc5+ 81. Kh2 g1=Q+ 82. Kxh3 Bd6 83. Kh4 Qg4# 0-1

[Event "Balkan Youth Online-ch 2020"]
[Site "Online"]
[Date "2020.10.31"]
[Round "4.84"]
[White "Sural, Ceren"]
[Black "Dimitrijevic, Andjela"]
[Result "0-1"]
[ECO "A03"]
[WhiteElo "1686"]
[BlackElo "1810"]
[Annotator "NA RC"]
[PlyCount "116"]
[EventDate "2020.10.31"]
[EventType "swiss"]
[SourceTitle "playchess.com"]
[Source "ChessBase"]
[SourceQuality "1"]
[TimeControl "1500+5"]

1. f4 d5 2. Nf3 Nf6 3. b3 g6 4. Bb2 Bg7 5. e3 c5 6. Be2 Nc6 7. O-O O-O 8. Bb5 {[%emt 0:03:56] A03: Bird's Opening with 1...d5.} Qb6 9. Bxc6 bxc6 10. Re1 {[%emt 0:00:28] [#]} Bf5 $146 ({Predecessor:} 10... a5 11. Qc1 a4 12. Nc3 axb3 13. axb3 Rxa1 14. Qxa1 Bb7 15. Na4 Qa7 16. Nc3 Ra8 17. Qxa7 Rxa7 {½-½ (49) Diez Villace,V (1651)-Garcia Corada,P (2013) Valladolid 2013}) 11. d3 c4 12. dxc4 dxc4 13. Qe2 cxb3 14. cxb3 Rfd8 15. Nd4 Bg4 16. Nf3 Nd5 17. Kh1 Bxb2 18. Qxb2 Nxe3 19. Nc3 Bxf3 20. gxf3 Nf5 21. Ne4 Rd3 22. Qg2 Rad8 23. Qh3 Qd4 24. Rg1 Kh8 25. Ng5 Qg7 26. Rac1 R3d6 27. Ne4 R6d7 28. Rce1 Qh6 29. Qxh6 Nxh6 $17 30. Rc1 Rc7 31. Ng5 Kg7 32. Ne4 Rd3 33. Rgf1 Nf5 34. Rc2 Nd4 35. Rcf2 Nf5 36. Rc1 Nd4 37. Rcf1 c5 38. Kg2 Ne6 39. Kg3 h6 40. Rc1 f5 41. Nc3 a6 42. Re1 Nf8 (42... Kf7 $19 43. Na4 Rd4) 43. Re5 $2 (43. Na4 $17) 43... Kf7 44. Rfe2 Rxc3 45. Kf2 c4 46. bxc4 R3xc4 47. Ra5 R7c6 48. Rae5 e6 49. Kg3 Nd7 50. Ra5 R4c5 51. Ra3 Rd5 52. Rb2 Rb5 53. Rd2 Rd5 54. Rb2 Kf6 55. Re3 e5 56. Rb7 exf4+ 57. Kxf4 g5+ 58. Kg3 f4+ 0-1

[Event "Balkan Youth Online-ch 2020"]
[Site "Online"]
[Date "2020.10.31"]
[Round "4.87"]
[White "Tsampouli, Vasiliki"]
[Black "Anghel, Maria"]
[Result "1/2-1/2"]
[ECO "B14"]
[WhiteElo "1549"]
[BlackElo "1826"]
[Annotator "NA RC"]
[PlyCount "132"]
[EventDate "2020.10.31"]
[EventType "swiss"]
[SourceTitle "playchess.com"]
[Source "ChessBase"]
[SourceQuality "1"]
[TimeControl "1500+5"]

1. e4 c6 2. d4 d5 3. exd5 cxd5 4. c4 Nf6 5. Nc3 e6 6. Nf3 Bb4 7. Bg5 h6 {[%emt 0:02:04] B14: Caro-Kann: Panov-Botvinnik Attack with 5...e6 and 5...g6.} 8. Bd2 O-O 9. Bd3 dxc4 10. Bxc4 {[%emt 0:00:00] [#]} b6 $146 ({Predecessor:} 10... Nc6 11. a3 Bd6 12. O-O b6 13. Qe2 Bb7 14. Rac1 Rc8 15. Rfd1 Ne7 16. Ne5 Nf5 {0-1 (35) Cardoso Contreras,S (2006)-Cilloniz Razzeto,A (2388) ICCF email 2007}) 11. a3 Be7 12. O-O Bb7 13. Be3 Nc6 14. Ne5 Rc8 15. Bb3 Bd6 16. f4 Ne7 17. Rc1 Nf5 18. Bf2 Ne4 19. Nxe4 Bxe4 20. Rxc8 Qxc8 21. Qd2 Qb7 22. g4 Ne7 23. Bg3 Nc6 24. d5 Nxe5 25. fxe5 Bc5+ 26. Bf2 exd5 27. g5 Qd7 28. Bd1 hxg5 29. Qxg5 Rc8 30. Bg4 Bxf2+ 31. Rxf2 Rc1+ 32. Qxc1 Qxg4+ 33. Kf1 Bd3+ 34. Ke1 Qg1+ 35. Kd2 Qxf2+ 36. Kxd3 Qf3+ 37. Qe3 Qd1+ 38. Kc3 Kf8 39. Qg5 d4+ 40. Kc4 g6 41. Qd8+ Kg7 42. Qf6+ Kh6 43. Qh4+ Qh5 44. Qxh5+ Kxh5 45. Kxd4 Kh4 46. Kd5 Kh3 47. Kd6 Kxh2 48. Ke7 g5 49. Kxf7 g4 50. e6 g3 51. e7 g2 52. e8=Q g1=Q 53. Qh8+ Kg2 54. Qg7+ Kf2 55. Qf6+ Ke2 56. Qe5+ Qe3 57. Qh2+ Kd3 58. Qd6+ Kc2 59. Qc7+ Kxb2 60. Qxa7 Qb3+ 61. Kf6 Qc3+ 62. Ke6 b5 63. Qa6 Qc4+ 64. Kd6 Qb3 65. Kc6 b4 66. axb4 $11 Qxb4 1/2-1/2

[Event "Balkan Youth Online-ch 2020"]
[Site "Online"]
[Date "2020.10.31"]
[Round "4.91"]
[White "Mihailidou, Magdalini"]
[Black "Lupascu, Diana-Elena"]
[Result "1-0"]
[ECO "B76"]
[WhiteElo "1796"]
[BlackElo "1668"]
[Annotator "NA RC"]
[PlyCount "93"]
[EventDate "2020.10.31"]
[EventType "swiss"]
[SourceTitle "playchess.com"]
[Source "ChessBase"]
[SourceQuality "1"]
[TimeControl "1500+5"]

1. e4 c5 2. Nf3 d6 3. d4 cxd4 4. Nxd4 Nf6 5. Nc3 g6 6. Be3 Bg7 7. f3 Nc6 8. Qd2 O-O 9. O-O-O d5 10. Qe1 e5 11. Nxc6 bxc6 12. exd5 cxd5 13. Bg5 d4 14. Qxe5 Ng4 15. Qf4 Qa5 16. Ne4 Be5 17. Qd2 Qxa2 18. Qd3 Ne3 19. Bxe3 dxe3 20. c3 Rb8 21. Qb1 Qb3 22. Bd3 e2 23. Bxe2 Bf5 24. Qc2 Qa2 25. g3 Rfc8 26. Bd3 Qa1+ 27. Qb1 Qxb1+ 28. Bxb1 Rb7 29. Nd6 Bxb1 30. Nxc8 Bf5 31. Nd6 Rb6 32. Nxf5 gxf5 33. Rd5 Bg7 34. Rxf5 Ra6 35. Kc2 Re6 36. Rd1 h6 37. Rd8+ Kh7 38. Rxf7 Kg6 39. Rfd7 Re2+ 40. Rd2 Re3 41. R2d6+ Kh7 42. f4 Re2+ 43. Rd2 Re1 44. R8d7 a5 45. Ra7 Kg6 46. Rd6+ Kh5 47. Rxg7 1-0

[Event "Balkan Youth Online-ch 2020"]
[Site "Online"]
[Date "2020.10.31"]
[Round "4.92"]
[White "Eftovska, Lea"]
[Black "Yilmaz, Duygu Sila"]
[Result "1-0"]
[ECO "C54"]
[WhiteElo "1587"]
[BlackElo "1408"]
[Annotator "NA RC"]
[PlyCount "59"]
[EventDate "2020.10.31"]
[EventType "swiss"]
[SourceTitle "playchess.com"]
[Source "ChessBase"]
[SourceQuality "1"]
[TimeControl "1500+5"]

1. e4 e5 2. Nf3 Nc6 3. Bc4 Bc5 4. d3 Nf6 5. O-O d6 6. c3 O-O 7. b4 Bb6 8. a4 a5 9. b5 Ne7 10. h3 Ng6 11. Re1 Qe7 12. Nbd2 Nh5 13. Nf1 Nhf4 14. Bxf4 Nxf4 15. d4 Qf6 16. Kh2 Qh6 17. Ng1 c6 18. Ng3 d5 19. exd5 cxd5 20. Bf1 e4 21. f3 e3 22. Qc1 Re8 23. Rxe3 Be6 24. N1e2 Bc7 25. Kg1 Qg5 26. Kh1 h5 27. Rd3 h4 28. Nh5 Nxd3 29. Qxg5 g6 30. Nf6+ 1-0

[Event "Balkan Youth Online-ch 2020"]
[Site "Online"]
[Date "2020.10.31"]
[Round "4.93"]
[White "Bojovic, Neda"]
[Black "Shqau, Olta"]
[Result "1/2-1/2"]
[ECO "D50"]
[WhiteElo "1316"]
[BlackElo "1373"]
[Annotator "NA RC"]
[PlyCount "47"]
[EventDate "2020.10.31"]
[EventType "swiss"]
[SourceTitle "playchess.com"]
[Source "ChessBase"]
[SourceQuality "1"]
[TimeControl "1500+5"]

1. d4 e6 2. c4 d5 3. Nc3 Nf6 4. Bg5 c5 5. e3 Nc6 6. Nf3 Be7 7. cxd5 cxd4 8. Nxd4 Nxd5 9. Bxe7 Ncxe7 10. Bb5+ Bd7 11. Qa4 Nxc3 12. bxc3 Nd5 13. Ne2 Nb6 14. Qb4 Rc8 15. Rc1 Bxb5 16. Qxb5+ Qd7 17. Qb4 Nd5 18. Qa3 a6 19. O-O Qc6 20. Rfd1 Qc5 21. Qa4+ Qc6 22. Qa3 Qc5 23. Qa4+ Qc6 24. Qa3 1/2-1/2

[Event "Balkan Youth Online-ch 2020"]
[Site "Online"]
[Date "2020.10.31"]
[Round "4.94"]
[White "Ergazaki, Eirini"]
[Black "Zeycan, Alara"]
[Result "1-0"]
[ECO "C56"]
[WhiteElo "1577"]
[BlackElo "1230"]
[Annotator "NA RC"]
[PlyCount "113"]
[EventDate "2020.10.31"]
[EventType "swiss"]
[SourceTitle "playchess.com"]
[Source "ChessBase"]
[SourceQuality "1"]
[TimeControl "1500+5"]

1. e4 e5 2. Nf3 Nc6 3. d4 exd4 4. Bc4 Nf6 5. Ng5 d5 6. exd5 Qe7+ 7. Kf1 Ne5 8. Qxd4 h6 9. Ne4 Nxe4 10. Qxe4 Nxc4 11. Qxc4 Qc5 12. Qe4+ Be7 13. b3 O-O 14. Ba3 Bf5 15. Qxf5 Qb5+ 16. c4 Qe8 17. Bxe7 Qxe7 18. Nd2 Qb4 19. Qd3 Rad8 20. Ne4 Rfe8 21. Re1 f5 22. Nc3 Rxe1+ 23. Kxe1 Re8+ 24. Kd1 Qe7 25. Qxf5 Qh4 26. Ne2 Qe7 27. Re1 Qa3 28. Qc2 Qc5 29. Nf4 Qd4+ 30. Nd3 Qa1+ 31. Nc1 Qd4+ 32. Qd2 Rxe1+ 33. Kxe1 Qe4+ 34. Kf1 Kf7 35. Qd3 Qf4 36. Qf3 Qf6 37. Ke2 Ke7 38. Qxf6+ Kxf6 39. Nd3 Ke7 40. Ke3 Kd6 41. Kd4 c6 42. Nf4 b6 43. Ne6 g6 44. Nd8 cxd5 45. cxd5 Kd7 46. Nf7 h5 47. Ne5+ Kd6 48. Nxg6 b5 49. f4 b4 50. f5 h4 51. f6 h3 52. gxh3 a5 53. f7 a4 54. f8=Q+ Kd7 55. Qe7+ Kc8 56. d6 a3 57. Qc7# 1-0

[Event "Balkan Youth Online-ch 2020"]
[Site "Online"]
[Date "2020.10.31"]
[Round "5.3"]
[White "Gkavardinas, Antonios"]
[Black "Boci, Mateo"]
[Result "1-0"]
[ECO "C14"]
[WhiteElo "1606"]
[BlackElo "1286"]
[Annotator "NA RC"]
[PlyCount "179"]
[EventDate "2020.10.31"]
[EventType "swiss"]
[SourceTitle "playchess.com"]
[Source "ChessBase"]
[SourceQuality "1"]
[TimeControl "1500+5"]

1. e4 e6 2. d4 d5 3. Nc3 Nf6 4. Bg5 Be7 5. e5 Nfd7 6. Bxe7 Qxe7 7. f4 a6 8. Nf3 c5 9. Qd2 Nc6 10. dxc5 Nxc5 11. Bd3 b5 12. O-O O-O 13. Ne2 f6 14. exf6 Qxf6 15. c3 Nxd3 16. Qxd3 h6 17. Ned4 Bd7 18. Rae1 Rae8 19. Nxc6 Bxc6 20. Nd4 Bd7 21. Rf3 Re7 22. Qe3 Rfe8 23. Qe5 Qxe5 24. Rxe5 a5 25. Rfe3 Kf7 26. Nb3 a4 27. Nc5 Bc8 28. b3 Rc7 29. b4 Rce7 30. a3 g6 31. Kf2 Rd8 32. Rd3 Kf6 33. Ke3 g5 34. Ne4+ Kg6 35. fxg5 Rf8 36. Ng3 hxg5 37. Rdxd5 exd5 38. Rxe7 Kf6 39. Rc7 Ke6 40. Rc6+ Ke5 41. Ne2 g4 42. Rh6 Re8 43. Rh5+ Kd6+ 44. Kd3 Rf8 45. Kd4 Be6 46. Ke3 Re8 47. Rh6 Ke5 48. Nd4 Bd7 49. h4 gxh3 50. gxh3 Rc8 51. Nf3+ Kf5 52. Kd4 Rc4+ 53. Kd3 Rf4 54. Nd2 Rf2 55. Ke3 Rh2 56. Nf3 Ra2 57. Rd6 Rxa3 58. Rxd7 Rxc3+ 59. Ke2 a3 60. Re7 Kf4 61. Ne1 Rxh3 62. Nd3+ Kf5 63. Ra7 Rh2+ 64. Ke3 a2 65. Kd4 Rd2 66. Kc3 Rh2 67. Nb2 Ke4 68. Kb3 Kd4 69. Kxa2 Kc3 70. Ka3 d4 71. Rc7+ Kd2 72. Kb3 Rh3+ 73. Ka2 Rh2 74. Rc5 Rh1 75. Rxb5 Kc3 76. Rb8 d3 77. Nxd3 Kxd3 78. Kb3 Rb1+ 79. Ka4 Ra1+ 80. Kb5 Rb1 81. Rc8 Kd4 82. Ka5 Kd5 83. b5 Kd6 84. Ka6 Kd7 85. Rc2 Ra1+ 86. Kb7 Rd1 87. b6 Rd6 88. Ka7 Kd8 89. b7 Rd7 90. Ka8 1-0

[Event "Balkan Youth Online-ch 2020"]
[Site "Online"]
[Date "2020.10.31"]
[Round "5.4"]
[White "Kovacec, Tilen"]
[Black "Sava, Robert-Gabriel"]
[Result "0-1"]
[ECO "D10"]
[WhiteElo "1183"]
[BlackElo "1716"]
[Annotator "NA"]
[PlyCount "60"]
[EventDate "2020.10.31"]
[EventType "swiss"]
[SourceTitle "playchess.com"]
[Source "ChessBase"]
[SourceQuality "1"]
[TimeControl "1500+5"]

1. d4 d5 2. c4 c6 3. Nc3 Nf6 4. cxd5 cxd5 5. Bg5 h6 6. Bxf6 gxf6 7. Qc2 Nc6 8. e3 e5 9. Nf3 e4 10. Ng1 Be6 11. Bb5 a6 12. Bxc6+ bxc6 13. Nge2 Bd6 14. O-O Bd7 15. Rfc1 h5 16. Na4 h4 17. Nc5 Rc8 18. Nxd7 Qxd7 19. h3 Rg8 20. Kh1 Ke7 21. Nc3 Rg5 22. Rg1 Rcg8 23. g4 hxg3 24. Kg2 gxf2+ 25. Kxf2 Qxh3 26. Rxg5 Rxg5 27. Ne2 Rg2+ 28. Ke1 Bb4+ 29. Kd1 Qh1+ 30. Ng1 Qxg1# 0-1

[Event "Balkan Youth Online-ch 2020"]
[Site "Online"]
[Date "2020.10.31"]
[Round "5.5"]
[White "Lafkidis, Apostolos"]
[Black "Alimema, Alvin"]
[Result "1-0"]
[ECO "C45"]
[WhiteElo "1497"]
[BlackElo "1110"]
[Annotator "NA RC"]
[PlyCount "173"]
[EventDate "2020.10.31"]
[EventType "swiss"]
[SourceTitle "playchess.com"]
[Source "ChessBase"]
[SourceQuality "1"]
[TimeControl "1500+5"]

1. e4 e5 2. Nf3 Nc6 3. d4 exd4 4. Nxd4 Bc5 5. Nf5 Qf6 6. Nc3 Nge7 7. Ne3 d6 8. Be2 Be6 9. O-O O-O 10. Ned5 Bxd5 11. exd5 Nd4 12. Bd3 Ng6 13. Ne4 Qe7 14. Nxc5 dxc5 15. c3 c4 16. Bxg6 Ne2+ 17. Kh1 Nxc1 18. Bxh7+ Kxh7 19. Qh5+ Kg8 20. Raxc1 Rad8 21. Rcd1 Rfe8 22. Rd2 Qe1 23. Qd1 Qe5 24. h3 Rd6 25. Qa4 Red8 26. Qxc4 Rxd5 27. Re2 Qd6 28. Rfe1 Kf8 29. Qh4 Qh6 30. Qxh6 gxh6 31. g3 c6 32. Kg2 Rd2 33. Kf3 R2d3+ 34. Re3 Rd2 35. R1e2 a5 36. Re8+ Rxe8 37. Rxd2 Re7 38. Kg4 Kg7 39. h4 Re4+ 40. f4 Re7 41. h5 Rc7 42. Kf3 Re7 43. g4 Rc7 44. g5 Re7 45. Kg4 Re1 46. Rf2 Rg1+ 47. Kf5 Rd1 48. Rg2 Rd5+ 49. Ke4 b5 50. Kf3 Rd3+ 51. Kg4 Rd5 52. Re2 Rd7 53. Rc2 Rd1 54. b3 Rg1+ 55. Kf5 Rh1 56. gxh6+ Kxh6 57. Kf6 Rxh5 58. Kxf7 Rf5+ 59. Ke6 Rxf4 60. Kd6 Rf6+ 61. Kc5 a4 62. bxa4 bxa4 63. Kb4 Re6 64. Kxa4 Kg5 65. Kb4 Kf6 66. Kc5 Ke7 67. Kb6 Kd7 68. a4 Kc8 69. a5 Re5 70. a6 Kb8 71. a7+ Ka8 72. Rd2 Re8 73. Rd7 Rc8 74. Rc7 Rxc7 75. Kxc7 c5 76. Kb6 c4 77. Kc5 Kxa7 78. Kxc4 Kb7 79. Kb5 Kc7 80. Kc5 Kd7 81. Kb6 Kc8 82. Kc6 Kd8 83. c4 Kc8 84. c5 Kb8 85. Kd7 Kb7 86. c6+ Kb6 87. c7 1-0

[Event "Balkan Youth Online-ch 2020"]
[Site "Online"]
[Date "2020.10.31"]
[Round "5.6"]
[White "Yordanov, Mario"]
[Black "Palaiologou, Apostolos"]
[Result "0-1"]
[ECO "B80"]
[WhiteElo "1213"]
[BlackElo "1410"]
[Annotator "NA"]
[PlyCount "126"]
[EventDate "2020.10.31"]
[EventType "swiss"]
[SourceTitle "playchess.com"]
[Source "ChessBase"]
[SourceQuality "1"]
[TimeControl "1500+5"]

1. e4 c5 2. Nf3 d6 3. d4 cxd4 4. Nxd4 Nf6 5. Nc3 a6 6. Be3 e6 7. f3 b5 8. a3 Bb7 9. Qd2 Nbd7 10. Nb3 Be7 11. Be2 Qc7 12. g4 Nb6 13. h4 Nfd7 14. g5 Ne5 15. Bxb6 Qxb6 16. O-O-O Rb8 17. f4 Nc4 18. Qd4 Qxd4 19. Nxd4 h6 20. Rdg1 hxg5 21. hxg5 Kd7 22. Bg4 Ne3 23. Bh3 Kc7 24. g6 Bf6 25. Nde2 fxg6 26. Rg3 Nc4 27. Rhg1 Rbe8 28. Bf1 e5 29. fxe5 Rxe5 30. Nf4 Bxe4 31. Nxe4 Rxe4 32. Nd5+ Kc6 33. Bxc4 Rxc4 34. Nxf6 gxf6 35. Rxg6 Re8 36. R6g2 f5 37. Rf1 f4 38. Rgf2 Rf8 39. b3 Re4 40. Kd2 d5 41. Rf3 d4 42. c3 Kd5 43. Rd3 Ke5 44. cxd4+ Rxd4 45. Re1+ Kd5 46. b4 f3 47. Rf1 Rxd3+ 48. Kxd3 f2 49. Ke2 Kc4 50. Rb1 f1=Q+ 51. Rxf1 Rxf1 52. Kxf1 Kb3 53. Ke2 Kxa3 54. Kd2 Kxb4 55. Kc2 a5 56. Kb2 Kc4 57. Kc2 a4 58. Kb2 b4 59. Kc2 a3 60. Kb1 Kc3 61. Ka1 b3 62. Kb1 b2 63. Ka2 Kc2 0-1

[Event "Balkan Youth Online-ch 2020"]
[Site "Online"]
[Date "2020.10.31"]
[Round "5.7"]
[White "Petrovski, Nikola"]
[Black "Domurcak, Doruk"]
[Result "0-1"]
[ECO "C54"]
[WhiteElo "1031"]
[BlackElo "1244"]
[Annotator "NA"]
[PlyCount "36"]
[EventDate "2020.10.31"]
[EventType "swiss"]
[SourceTitle "playchess.com"]
[Source "ChessBase"]
[SourceQuality "1"]
[TimeControl "1500+5"]

1. e4 e5 2. Nf3 Nc6 3. Bc4 Bc5 4. c3 Nf6 5. d3 d6 6. h3 h6 7. O-O O-O 8. Be3 Bb6 9. Nbd2 Ne7 10. d4 Ng6 11. Nh2 Qe7 12. Bd3 Bd7 13. Qe2 Rfe8 14. f3 Rad8 15. Qf2 Nh5 16. g4 Nhf4 17. Bxf4 Nxf4 18. Bc2 Nxh3+ 0-1

[Event "Balkan Youth Online-ch 2020"]
[Site "Online"]
[Date "2020.10.31"]
[Round "5.12"]
[White "Pehlivan, Mert"]
[Black "Magold, Filip"]
[Result "0-1"]
[ECO "C00"]
[WhiteElo "1653"]
[BlackElo "2043"]
[Annotator "NA"]
[PlyCount "88"]
[EventDate "2020.10.31"]
[EventType "swiss"]
[SourceTitle "playchess.com"]
[Source "ChessBase"]
[SourceQuality "1"]
[TimeControl "1500+5"]

1. e4 c5 2. Nf3 e6 3. d3 d5 4. Nbd2 Nf6 5. g3 Nc6 6. Bg2 Qc7 7. O-O Be7 8. c3 {[%emt 0:00:12] C00: French: Unusual White 2nd moves.} b6 9. exd5 exd5 10. Re1 O-O 11. Nf1 Bg4 {[%emt 0:01:42] [#]} 12. h3 $146 ({Predecessor:} 12. Bf4 Bd6 13. Bxd6 Qxd6 14. Qc2 h6 15. Ne3 Be6 16. Rad1 Rac8 17. d4 Rfd8 18. dxc5 Qxc5 {1-0 (73) Schmid,N (1956)-Poun,K (1941) Winterthur 2012}) 12... Bh5 13. g4 Bg6 14. Ng3 Bd6 15. Nf5 (15. Nf1 $11) 15... Bxf5 $1 16. gxf5 Rae8 17. Bg5 Nd7 18. f6 Rxe1+ 19. Nxe1 g6 ({Not} 19... gxf6 $2 20. Bh6 $18) 20. Bxd5 Be5 21. Qf3 Nd8 22. h4 Qd6 23. Ng2 Nxf6 24. Bxf6 Bxf6 25. Re1 Kg7 26. Qe4 b5 27. Re3 b4 28. Rg3 (28. cxb4 $11 {remains equal.} cxb4 29. b3) 28... bxc3 29. bxc3 Be5 30. f4 Bxc3 31. h5 Qf6 32. hxg6 fxg6 33. Kh2 Nf7 34. f5 Nd6 35. Qe6 Be5 36. Qd7+ Nf7 37. fxg6 Bxg3+ 38. Kxg3 Qxg6+ 39. Kh2 Qd6+ 40. Qxd6 Nxd6 41. Kg3 Rf5 42. Nf4 Kf6 43. Kg4 $19 Ke5 44. Bc6 Rxf4+ 0-1

[Event "Balkan Youth Online-ch 2020"]
[Site "Online"]
[Date "2020.10.31"]
[Round "5.13"]
[White "Lavrencic, Matic"]
[Black "Papaioannou, Dimitrios"]
[Result "1-0"]
[ECO "C81"]
[WhiteElo "2018"]
[BlackElo "1924"]
[Annotator "ChessBase"]
[PlyCount "119"]
[EventDate "2020.10.31"]
[EventType "swiss"]
[SourceTitle "playchess.com"]
[Source "ChessBase"]
[SourceQuality "1"]
[TimeControl "1500+5"]

1. e4 e5 2. Nf3 Nc6 3. Bb5 a6 4. Ba4 Nf6 5. O-O Nxe4 6. d4 b5 7. Bb3 d5 8. dxe5 Be6 9. Qe2 Nc5 10. Rd1 Nxb3 11. cxb3 Be7 12. Be3 O-O 13. Nc3 Qd7 14. Rac1 Nd8 15. Ne4 c6 16. Nc5 Qe8 17. Nd4 Bxc5 18. Rxc5 Bd7 19. Nf3 f6 20. exf6 Rxf6 21. Qd3 Qh5 22. Bg5 Rxf3 23. Qxf3 Qxg5 24. h3 Ne6 25. Rc2 Rf8 26. Qe3 Nf4 27. Qg3 Qh5 28. Re1 Rf6 29. Kh2 Kf7 30. Qe3 Qf5 31. Rc3 Re6 32. Qd2 d4 33. Rf3 g5 34. Rxe6 Qxe6 35. Qxd4 Kg8 36. Rg3 h6 37. Qxf4 Kh7 38. Qe3 Qd6 39. Qd3+ Qxd3 40. Rxd3 Be6 41. Rd6 Bd5 42. f3 a5 43. Kg1 a4 44. bxa4 bxa4 45. a3 h5 46. Kf2 Kg7 47. Ke3 g4 48. hxg4 hxg4 49. Rxd5 cxd5 50. fxg4 Kf6 51. Kd4 Kg5 52. Kxd5 Kxg4 53. Kc4 Kg3 54. Kb4 Kxg2 55. Kxa4 Kf3 56. Kb5 Ke4 57. a4 Kd5 58. a5 Kd6 59. Kb6 Kd7 60. Kb7 1-0

[Event "Balkan Youth Online-ch 2020"]
[Site "Online"]
[Date "2020.10.31"]
[Round "5.14"]
[White "Ipek, Egehan"]
[Black "Tsarsitalidis, Christos"]
[Result "1-0"]
[ECO "A09"]
[WhiteElo "1723"]
[BlackElo "1786"]
[Annotator "NA"]
[PlyCount "59"]
[EventDate "2020.10.31"]
[EventType "swiss"]
[SourceTitle "playchess.com"]
[Source "ChessBase"]
[SourceQuality "1"]
[TimeControl "1500+5"]

1. Nf3 d5 2. c4 dxc4 3. Qa4+ Nd7 4. g3 a6 5. Nc3 Rb8 6. Qxc4 b5 7. Qf4 Ngf6 8. Bg2 Bb7 9. O-O e6 10. d4 Bd6 11. Qd2 b4 12. Na4 Ne4 13. Qc2 f5 14. Nd2 Ndf6 15. Nxe4 Nxe4 16. Nc5 Bxc5 17. dxc5 Bd5 18. Rd1 Qe7 19. b3 Nc3 20. Rd3 Bxg2 21. Kxg2 Qxc5 22. Bb2 Ne4 23. Qxc5 Nxc5 24. Re3 Kf7 25. Rc1 Nb7 26. Rxc7+ Ke8 27. Bxg7 Rg8 28. Rxe6+ Kd8 29. Rf7 Nc5 30. Bf6+ 1-0

[Event "Balkan Youth Online-ch 2020"]
[Site "Online"]
[Date "2020.10.31"]
[Round "5.15"]
[White "Poupalos, Nikolaos"]
[Black "Mogirzan, Matei-Valeriu"]
[Result "0-1"]
[ECO "B13"]
[WhiteElo "1887"]
[BlackElo "1813"]
[Annotator "NA"]
[PlyCount "86"]
[EventDate "2020.10.31"]
[EventType "swiss"]
[SourceTitle "playchess.com"]
[Source "ChessBase"]
[SourceQuality "1"]
[TimeControl "1500+5"]

1. e4 c6 2. d4 d5 3. exd5 cxd5 4. Bd3 Nc6 5. c3 Nf6 6. h3 e5 7. dxe5 Nxe5 8. Nf3 Nxd3+ {[%emt 0:01:01] B13: Caro-Kann: Exchange Variation and Panov-Botvinnik Attack.} 9. Qxd3 Bd6 10. O-O O-O 11. Nbd2 {[%emt 0:05:40] [#]} Bd7 $146 ({Predecessor:} 11... Re8 12. Rd1 h6 13. Nf1 Bc7 14. Be3 Be6 15. Nd4 Bd7 16. Nb3 Qc8 17. Nd4 a6 {0-1 (39) Zapata,A (2424)-Wang,K (2371) Charlotte 2017}) 12. Nd4 Rc8 13. N2f3 Ne4 14. Be3 Qf6 15. Qe2 Bb8 16. Nd2 Rfe8 17. Nxe4 Rxe4 18. Nf3 Rc6 19. Qd3 (19. Qb5 $11) 19... Bxh3 20. Ng5 Qe5 21. f4 Qe7 22. Nxe4 Bf5 23. Qxd5 Bxe4 24. Qg5 f6 25. Qg3 ({White should play} 25. Qh4 $16) 25... Re6 26. Bd4 f5 27. Qg5 Qd7 28. Rad1 $2 (28. Rf2 $11) 28... Rg6 29. Qxg6 hxg6 30. Be5 Qe8 31. Bxb8 Qxb8 32. Rd4 Qc7 33. g3 Qe7 34. Kf2 g5 35. Rfd1 gxf4 36. Rd8+ Kh7 37. gxf4 Qh4+ 38. Ke3 Qg3+ 39. Kd4 Qxf4 $19 40. Kc5 Qc7+ 41. Kb4 a5+ 42. Kb3 b5 43. a3 Qc4# 0-1

[Event "Balkan Youth Online-ch 2020"]
[Site "Online"]
[Date "2020.10.31"]
[Round "5.16"]
[White "Cimperman, Teo"]
[Black "Milanovic, Marko"]
[Result "0-1"]
[ECO "C54"]
[WhiteElo "1488"]
[BlackElo "2066"]
[Annotator "ChessBase"]
[PlyCount "70"]
[EventDate "2020.10.31"]
[EventType "swiss"]
[SourceTitle "playchess.com"]
[Source "ChessBase"]
[SourceQuality "1"]
[TimeControl "1500+5"]

1. e4 e5 2. Nf3 Nc6 3. Bc4 Bc5 4. c3 Nf6 5. d3 O-O 6. O-O d5 7. exd5 Nxd5 8. d4 exd4 9. cxd4 Bb6 10. Nc3 Be6 11. Bb3 Qd7 12. Re1 Rad8 13. Be3 Rfe8 14. h3 Na5 15. Ne5 Qd6 16. Ne4 Qf8 17. Rc1 Nxe3 18. fxe3 Bxb3 19. axb3 Rxe5 20. Qg4 f5 21. dxe5 fxg4 22. Rcd1 Bxe3+ 23. Kh1 Rxd1 24. Rxd1 gxh3 25. e6 hxg2+ 26. Kxg2 Nc6 27. b4 Qf5 28. e7 Qxe4+ 29. Kh2 Qh4+ 30. Kg2 Qg4+ 31. Kh2 Bf4+ 32. Kh1 Qxd1+ 33. Kg2 Qe2+ 34. Kh3 Qf3+ 35. Kh4 g5# 0-1

[Event "Balkan Youth Online-ch 2020"]
[Site "Online"]
[Date "2020.10.31"]
[Round "5.17"]
[White "Nikolovski, Kiril"]
[Black "Boeru, Dragos-Matei"]
[Result "0-1"]
[ECO "B23"]
[WhiteElo "1282"]
[BlackElo "1756"]
[Annotator "NA"]
[PlyCount "64"]
[EventDate "2020.10.31"]
[EventType "swiss"]
[SourceTitle "playchess.com"]
[Source "ChessBase"]
[SourceQuality "1"]
[TimeControl "1500+5"]

1. e4 c5 2. Nc3 a6 3. f4 e6 4. Nf3 b5 5. d3 Bb7 6. g3 Nc6 7. Bg2 Nf6 8. O-O Be7 9. Ne2 O-O 10. h3 d5 11. e5 Nd7 12. c3 Nb6 13. b3 Rb8 14. d4 c4 15. b4 Na4 16. Qc2 a5 17. a3 Ra8 18. Bd2 Qd7 19. Kh1 Ra7 20. Rfb1 Rfa8 21. Qc1 Nb6 22. Ne1 Bc8 23. Nc2 Ra6 24. Kh2 Qa7 25. Be3 Bd7 26. Bf3 Be8 27. Kg2 f6 28. Qg1 Bg6 29. Qd1 Bxc2 30. Qxc2 axb4 31. cxb4 Rxa3 32. Bc1 Rxa1 0-1